 Dungeon Crawl Stone Soup version 0.18.1-48-g4cf74bf (webtiles) character file.

109 tyranidshit the Grave Robber (level 4, -1/44 HPs)
             Began as a Deep Dwarf Necromancer on July 22, 2016.
             Slain by an ogre
             ... wielding a +0 giant club
              (14 damage)
             ... on level 4 of the Dungeon.
             The game lasted 00:05:48 (2498 turns).

tyranidshit the Grave Robber (DDNe)                 Turns: 2498, Time: 00:05:48

Health: -1/44      AC:  9    Str: 10 (12) XL:     4   Next: 60%
Magic:  5/5        EV:  8    Int: 12 (14) God:
Gold:   161        SH:  0    Dex: 12 (13) Spells: 1 memorised, 5 levels left

rFire  . . .     SeeInvis .     g - +3 short sword (elec)
rCold  + + .     Gourm    .     s - +0 ice dragon armour
rNeg   . . .     Faith    .     (no shield)
rPois  .         Spirit   .     (no helmet)
rElec  .         Dismiss  .     (no cloak)
rCorr  .         Reflect  .     (no gloves)
SustAt .         Harm     .     (no boots)
MR     .....                    t - amulet of inaccuracy (curse)
Stlth  ..........               h - ring of protection from fire
                                (no ring)

@: non-regenerating, not resistant to hostile enchantments, extremely unstealthy
A: damage resistance, recharge devices, deterioration 1, dopey 1, sense
surroundings 1, slow regeneration 3
a: Device Recharging


You were on level 4 of the Dungeon.
You were hungry.

You visited 1 branch of the dungeon, and saw 4 of its levels.

You collected 161 gold pieces.

Inventory:

Hand Weapons
 f - a +0 whip
 g - a +3 short sword of electrocution (weapon)
Armour
 m - a +1 scale mail
 s - a +0 ice dragon armour (worn)
Jewellery
 h - a ring of protection from fire (right hand)
 k - an uncursed ring of ice
 p - an uncursed ring of teleportation
 t - a cursed amulet of inaccuracy (around neck)
Wands
 a - a wand of flame (28/48)
 c - a wand of heal wounds (1/9)
Scrolls
 e - 2 scrolls of enchant weapon
 l - a scroll of enchant armour
Potions
 d - a potion of degeneration
 i - a potion of might
 o - a potion of agility
Books
 b - a book of Necromancy

   Spells                             Type                      Level
   a - Pain                           Necromancy                   1
   b - Animate Skeleton               Necromancy                   1
   c - Vampiric Draining              Necromancy                   3
   d - Regeneration                   Charms/Necromancy            3
   e - Animate Dead                   Necromancy                   4
   f - Control Undead                 Necromancy                   4
Comestibles
 j - 4 fruits
 n - 2 bread rations
 q - a meat ration
 r - a beef jerky


   Skills:
 + Level 3.9 Fighting
 - Level 2.1 Dodging
 - Level 2.4 Stealth
 - Level 1.7 Spellcasting
 - Level 4.3 Necromancy


You had 5 spell levels left.
You knew the following spells:

 Your Spells              Type           Power        Failure   Level  Hunger
a - Pain                  Necr           ##..         61%         1    ##.....


Dungeon Overview and Level Annotations

Branches:
Dungeon (4/15)
 Temple: D:4-7

Altars:


Innate Abilities, Weirdness & Mutations

You are resistant to damage.
You can recharge devices by infusing magical energy.
You passively map a small area around you.
You do not regenerate naturally.
Your body sometimes deteriorates upon taking damage.
You are dopey. (Int -2)


Message History

The ogre is almost dead.
Your ice dragon armour prevents you from hitting the ogre.
The ogre is almost dead.
The ogre hits you with a giant club!
You barely miss the ogre.
The ogre is almost dead.
The ogre misses you.
Evoke which item? (* to show all) (? for menu, Esc to quit)
Zapping:
c - a wand of heal wounds (2/9)
Press: ? - help, Shift-Dir - straight line, f - you You feel much better.
This wand has 1 charge left.
The ogre hits you with a giant club!
You closely miss the ogre.
The ogre is almost dead.
The ogre hits you with a giant club!
* * * LOW HITPOINT WARNING * * *
You barely miss the ogre.
The ogre is almost dead.
The ogre hits you with a giant club!
You die...

#.........o.............#
,
#...##..######.##.......#
, * #.......#*
#.##.......# #........#
#.##.(.....# , #........#
#.##..)....# #........#
#.########## #........#
#o# * #........# #O#
#......... #@#
####....#+# *#.# * , #.#
,** , , #.#* , * , ,
...,, ... , ,..... , ,,,
..... , * .......


You could see an ogre and an orc.

Vanquished Creatures
  3 adders
  3 oozes
  An adder skeleton (D:4)
  2 worms (D:2)
  2 giant geckos
  4 orcs
  3 giant cockroaches
  7 goblins
  8 hobgoblins
  8 kobolds
  A quokka (D:2)
  2 ball pythons
  8 bats
  2 giant newts
  4 rats
58 creatures vanquished.

Notes
Turn   | Place    | Note
--------------------------------------------------------------
     0 | D:1      | tyranidshit the Deep Dwarf Necromancer began the quest for the Orb.
     0 | D:1      | Reached XP level 1. HP: 15/15 MP: 3/3
    62 | D:1      | Reached skill level 1 in Fighting
   138 | D:1      | Reached XP level 2. HP: 15/25 MP: 4/4
   187 | D:1      | Gained mutation: Your body sometimes deteriorates upon taking damage. [potion of mutation]
   187 | D:1      | Gained mutation: You are dopey. (Int -2) [potion of mutation]
   666 | D:2      | Found a faded altar to an unknown god.
   688 | D:2      | Reached XP level 3. HP: 21/33 MP: 5/5
  1045 | D:2      | Reached XP level 4. HP: 14/42 MP: 6/6
  2456 | D:4      | Noticed an ogre
  2498 | D:4      | Slain by an ogre

Skill      XL: |  1  2  3 |
---------------+----------+-----
Fighting       | 1 2 3 |  3.9
Dodging        | |  2.1
Stealth        | |  2.4
Spellcasting   | |  1.7
Necromancy     | |  4.3

Action                   |  1- 3 |  4- 6 || total
-------------------------+-------+-------++-------
Melee: Whip              |    19 |       ||    19
       Short sword       |    70 |    66 ||   136
 Cast: Pain              |     2 |       ||     2
 Abil: Device Recharging |       |     1 ||     1
Evoke: Wand              |     1 |     7 ||     8
  Use: Potion            |     5 |     3 ||     8
       Scroll            |     4 |     2 ||     6
 Stab: Sleeping          |     5 |       ||     5
  Eat: Bread ration      |     1 |       ||     1
Armor: Robe              |     9 |       ||     9
       Scale mail        |    15 |    20 ||    35
       Ice dragon armour |       |    12 ||    12
Dodge: Dodged            |    63 |    34 ||    97
